AoeStats
← p1K4 six/seven

MegaRandom

509980514Analyzed
3v3 RM · 3d ago on Sep 28, 2026· 52m 46s· 6 players
Game mode
Random Map
Map size
Normal (6 player)
Population
200
Speed
Normal
Resources
Standard
Victory
Conquest
Starting age
Dark Age
Ending age
Imperial Age
RankedLock teamsTeams togetherTeam positionsShared explorationLock speedFull tech treeHidden civsTurbo modeCheats
Victory
Defeat
🇮🇱 Hindustanis · Israel
817
+14
🇮🇱 Lithuanians · Israel
748
+17
🇮🇱 Magyars · Israel
701
+19
🇹🇷 Britons · Türkiye
858
-20
🇦🇷 Bulgarians · Argentina
762
-16
🇧🇷 Khmer · Brazil
715
-14
p1K4 six/seven
12:30 Feudal Age
13:50 Wheelbarrow
13:11 Horse Collar
13:39 Double-Bit Axe
15:40 Gold Mining
17:41 Loom
21:24 Castle Age
22:46 Hand Cart
23:11 Gold Shaft Mining
22:49 Bow Saw
25:37 Stone Mining
26:12 Loom
29:08 Caravan
32:07 Imperial Age
36:47 Cavalier
37:40 Pikeman
38:29 Thumb Ring
39:57 Halberdier
44:54 Squires
50:09 Scale Barding Armor
Diego-NA
10:37 Feudal Age
10:56 Loom
17:21 Wheelbarrow
18:42 Double-Bit Axe
24:36 Castle Age
22:55 Stone Mining
27:31 Bow Saw
27:10 Pikeman
27:59 Horse Collar
34:04 Heavy Plow
34:39 Scale Mail Armor
35:18 Chain Mail Armor
38:07 Scale Barding Armor
38:14 Forging
37:55 Fletching
38:06 Padded Archer Armor
38:57 Heated Shot
39:18 Fortified Wall
40:06 Chain Barding Armor
41:27 Gold Mining
42:08 Elite Skirmisher
44:28 Bodkin Arrow
45:09 Iron Casting
44:50 Leather Archer Armor
53:25 Imperial Age
51:12 Hand Cart
Börü 𐰋𐰇𐰼𐰇
1:24 Loom
11:17 Feudal Age
14:57 Double-Bit Axe
16:00 Horse Collar
17:19 Fletching
17:30 Padded Archer Armor
23:09 Castle Age
21:51 Fishing Lines
22:46 Gold Mining
24:37 Bow Saw
25:25 Bodkin Arrow
25:45 Leather Archer Armor
26:48 Forging
28:42 Stone Mining
30:34 Ballistics
30:09 Murder Holes
29:55 Treadmill Crane
31:00 Iron Casting
30:26 Scale Mail Armor
29:59 Elite Skirmisher
33:14 Medium Warships
34:30 Heavy Plow
35:07 Fortified Wall
37:04 Wheelbarrow
39:59 Hand Cart
40:58 Yeomen
43:11 Imperial Age
41:45 Chain Mail Armor
41:54 Masonry
41:47 Gillnets
42:30 Pikeman
42:57 Arson
43:14 Squires
45:22 Heavy Warships
46:20 Chemistry
46:06 Gold Shaft Mining
46:43 Conscription
46:31 Halberdier
49:02 Architecture
48:35 Bracer
49:05 Ring Archer Armor
49:36 Blast Furnace
49:06 Plate Mail Armor
50:28 Two-Man Saw
Hello
12:57 Feudal Age
14:09 Gold Mining
14:05 Horse Collar
14:38 Double-Bit Axe
17:20 Stone Mining
20:15 Castle Age
19:20 Scale Barding Armor
19:26 Forging
20:35 Wheelbarrow
21:51 Heavy Plow
23:15 Chain Barding Armor
23:31 Iron Casting
23:47 Bow Saw
35:23 Imperial Age
34:28 Hand Cart
34:35 Hand Cart
34:19 Elite Skirmisher
35:46 Fletching
35:55 Elite Leitis
38:16 Husbandry
38:30 Bloodlines
38:40 Bodkin Arrow
39:29 Ballistics
40:13 Chemistry
39:59 Stone Shaft Mining
40:55 Two-Man Saw
40:07 Loom
40:10 Town Watch
41:43 Conscription
45:24 Bracer
46:00 Plate Barding Armor
45:26 Padded Archer Armor
45:26 Scale Mail Armor
46:14 Crop Rotation
< blank >
13:09 Feudal Age
13:36 Double-Bit Axe
14:28 Wheelbarrow
16:57 Horse Collar
21:06 Fishing Lines
23:49 Castle Age
23:28 Scale Barding Armor
24:28 Stone Mining
27:04 Bow Saw
26:56 Heavy Plow
29:49 Corvinian Army
34:04 Hand Cart
34:56 Pikeman
35:02 Pikeman
44:17 Imperial Age
42:58 Husbandry
43:08 Bloodlines
44:38 Gillnets
45:35 Conscription
48:04 Elite Magyar Huszar
poopinator
10:52 Feudal Age
12:16 Double-Bit Axe
16:34 Wheelbarrow
20:07 Castle Age
18:48 Man-at-Arms
20:12 Fishing Lines
20:57 Forging
20:56 Horse Collar
22:24 Stone Mining
22:31 Gold Mining
24:18 Scale Mail Armor
24:39 Bloodlines
24:30 Husbandry
25:40 Hand Cart
27:48 Iron Casting
27:29 Chain Mail Armor
27:28 Light Cavalry
29:37 Grand Trunk Road
32:52 Bow Saw
35:17 Imperial Age
36:54 Scale Barding Armor
37:17 Demolition Ship
38:56 Caravan
40:32 Blast Furnace
39:54 Chain Barding Armor
38:59 Heavy Camel Rider
40:09 Conscription
40:15 Medium Warships
40:34 Fletching
44:37 Imperial Camel Rider
45:26 Elite Ghulam
46:46 Plate Barding Armor
47:51 Bodkin Arrow
48:35 Squires
48:21 Arson
49:56 Bracer
Connection lost

Rejoining the realm…

Still unreachable

The connection could not be restored.

Session expired

The server has moved on; the page needs a fresh start.